 Dungeon Crawl Stone Soup version 0.24-a0-581-gc0fa6600bf (webtiles) character file.

Game seed: 8987224746204089034

1540467 Gall2222 the Missionary (level 27, 264/264 HPs)
             Began as a Hill Orc Monk on Aug 25, 2019.
             Was a Priest of Beogh.
             Escaped with the Orb
             ... and 3 runes!
             The game lasted 02:10:09 (80788 turns).

Gall2222 the Missionary (Hill Orc Monk)            Turns: 80788, Time: 02:10:10

Health: 264/264    AC: 44    Str: 24    XL:     27
Magic:  39/39      EV:  8    Int: 13    God:    Beogh [***...]
Gold:   4149       SH: 26    Dex: 16    Spells: 26/26 levels left

rFire    + . .     SeeInvis +   y - +2 broad axe (freeze)
rCold    + + +     Gourm    .   x - +0 large shield
rNeg     . . .     Faith    .   q - +8 gold dragon scales
rPois    +         Spirit   .   v - +1 helmet {SInv}
rElec    .         Reflect  .   (no cloak)
rCorr    +         Harm     .   B - +2 pair of gloves {Dex+3}
MR       +++..     Rnd*Rage +   Z - +1 pair of boots {Fly}
Stlth    ..........             T - amulet of regeneration
HPRegen  0.94/turn              A - ring "Ceorytt" {rC++ MR+ rCorr Str-2 Slay+3}
MPRegen  0.26/turn              a - +4 ring of slaying

@: no status effects
A: claws 1, molten scales 1, berserk 1, blink, clever 1, cold resistance 1,
screaming 1
0: Orb of Zot
}: 3/15 runes: barnacled, silver, gossamer
a: Blink, Smiting, Renounce Religion, Evoke Flight


You escaped.
You worshipped Beogh.
Beogh was most pleased with you.
You were not hungry.

You visited 9 branches of the dungeon, and saw 49 of its levels.
You visited the Abyss 1 time.
You also visited: Ossuary and Gauntlet.

You collected 7676 gold pieces.
You spent 3527 gold pieces at shops.

Inventory:

Hand Weapons
 y - a +2 broad axe of freezing (weapon)
Missiles
 u - 3 throwing nets (quivered)
Armour
 q - +8 gold dragon scales (worn)
 t - the +0 cloak of Larank {-Tele rN+++ Dex+2}
   (You found it on level 1 of the Spider Nest)

   It affects your dexterity (+2).
   It renders you almost immune to negative energy.
   It prevents most forms of teleportation.
 v - a +1 helmet of see invisible (worn)
 x - a +0 large shield (worn)
 B - a +2 pair of gloves of dexterity (worn)
 Z - a +1 pair of boots of flying (worn)
Jewellery
 a - a +4 ring of slaying (right hand)
 p - the ring "Jeerren" {rF+ Int+5 Stlth+}
   (You took it off a vault sentinel on level 5 of the Vaults)

   [ring of stealth]

   It affects your intelligence (+5).
   It protects you from fire.
   It makes you more stealthy.
 A - the ring "Ceorytt" (left hand) {rC++ MR+ rCorr Str-2 Slay+3}
   (You took it off a deep elf demonologist on level 3 of the Elven Halls)

   [ring of resist corrosion]

   It affects your strength (-2).
   It affects your accuracy and damage with ranged weapons and melee attacks
   (+3).
   It greatly protects you from cold.
   It affects your resistance to hostile enchantments.
   It provides partial protection from all sources of acid and corrosion.
 G - the ring "Vait" {+Fly rElec}
   (You bought it in a shop on level 4 of the Depths)

   [ring of flight]

   It insulates you from electricity.
   It lets you fly.
 Q - the amulet of Cussobb {-Tele rF+ Regen+ Int+3 Dex+8}
   (You found it in a Gauntlet)

   [amulet of regeneration]

   It affects your intelligence (+3).
   It affects your dexterity (+8).
   It protects you from fire.
   It prevents most forms of teleportation.
   It increases your rate of regeneration.
 T - an amulet of regeneration (around neck)
Wands
 g - a wand of acid (15)
 i - a wand of disintegration (18)
 m - a wand of digging (5)
 K - a wand of paralysis (16)
 N - a wand of clouds (15)
Scrolls
 f - 2 scrolls of magic mapping
 h - 28 scrolls of teleportation
 j - 31 scrolls of remove curse
 n - 4 scrolls of fog
 s - a scroll of enchant armour
 w - 14 scrolls of fear
 E - 32 scrolls of identify
 F - 9 scrolls of blinking
 M - 2 scrolls of silence
 R - 2 scrolls of summoning
Potions
 b - 8 potions of haste
 d - a potion of cancellation
 e - 18 potions of curing
 k - a potion of magic
 l - a potion of heal wounds
 o - 6 potions of agility
 r - 9 potions of brilliance
 D - 3 potions of might
 H - 2 potions of invisibility
 L - 3 potions of ambrosia
 P - 6 potions of berserk rage
Miscellaneous
 Y - a lamp of fire
Comestibles
 c - 87 rations


   Skills:
 + Level 24.7 Fighting
 - Level 18.0 Axes
 + Level 22.9 Armour
 - Level 2.4 Dodging
 - Level 1.5 Stealth
 - Level 25.0 Shields
 * Level 25.7 Invocations


You had 26 spell levels left.
You didn't know any spells.
Your spell library contained the following spells:

 Spells                   Type           Power        Failure   Level  Hunger
 Confusing Touch          Hex            #.....       98%         1    ##.....
 Corona                   Hex            #......      98%         1    ##.....
 Flame Tongue             Conj/Fire      #....        98%         1    ##.....
 Infusion                 Chrm           #...         98%         1    ##.....
 Magic Dart               Conj           #...         98%         1    ##.....
 Shock                    Conj/Air       #...         98%         1    ##.....
 Sting                    Conj/Pois      #...         98%         1    ##.....
 Summon Butterflies       Summ           #.......     98%         1    ##.....
 Summon Small Mammal      Summ           #...         98%         1    ##.....
 Blink                    Tloc           N/A          99%         2    ###....
 Call Imp                 Summ           #.......     99%         2    ###....
 Corpse Rot               Necr           N/A          99%         2    ###....
 Ensorcelled Hibernation  Hex/Ice        #.....       99%         2    ###....
 Poisonous Vapours        Pois/Air       #.....       99%         2    ###....
 Searing Ray              Conj           #.....       99%         2    ###....
 Shroud of Golubria       Chrm/Tloc      #.....       99%         2    ###....
 Slow                     Hex            #.......     99%         2    ###....
 Song of Slaying          Chrm           #.......     99%         2    ###....
 Sublimation of Blood     Necr           #.........   99%         2    ###....
 Swiftness                Chrm/Air       #.......     99%         2    ###....
 Throw Flame              Conj/Fire      #.....       99%         2    ###....
 Call Canine Familiar     Summ           #.......     100%        3    ####...
 Confuse                  Hex            #.......     100%        3    ####...
 Conjure Flame            Conj/Fire      #.......     100%        3    ####...
 Dazzling Spray           Conj/Hex       #.....       100%        3    ####...
 Gell's Gravitas          Tloc           #.........   100%        3    ####...
 Ignite Poison            Fire/Tmut/Pois #.......     100%        3    ####...
 Inner Flame              Hex/Fire       #.......     100%        3    ####...
 Mephitic Cloud           Conj/Pois/Air  #.......     100%        3    ####...
 Regeneration             Chrm/Necr      #.........   100%        3    ####...
 Spectral Weapon          Hex/Chrm       #.......     100%        3    ####...
 Spider Form              Tmut/Pois      #.........   100%        3    ####...
 Static Discharge         Conj/Air       #.......     100%        3    ####...
 Stone Arrow              Conj/Erth      #.....       100%        3    ####...
 Summon Guardian Golem    Hex/Summ       #.......     100%        3    ####...
 Tukima's Dance           Hex            #.......     100%        3    ####...
 Airstrike                Air            #.........   100%        4    #####..
 Force Lance              Conj/Tloc      #.......     100%        4    #####..
 Fulminant Prism          Conj/Hex       #.........   100%        4    #####..
 Ice Form                 Ice/Tmut       #.......     100%        4    #####..
 Iskenderun's Mystic Bla  Conj           #.......     100%        4    #####..
 Leda's Liquefaction      Hex/Erth       #.........   100%        4    #####..
 Olgreb's Toxic Radiance  Pois           #.......     100%        4    #####..
 Petrify                  Tmut/Erth      #.......     100%        4    #####..
 Sticky Flame             Conj/Fire      #.......     100%        4    #####..
 Summon Ice Beast         Ice/Summ       #.......     100%        4    #####..
 Summon Lightning Spire   Summ/Air       #.......     100%        4    #####..
 Throw Icicle             Conj/Ice       #.......     100%        4    #####..
 Agony                    Necr           #.......     100%        5    ######.
 Bolt of Draining         Conj/Necr      #.........   100%        5    ######.
 Bolt of Magma            Conj/Fire/Erth #.........   100%        5    ######.
 Borgnjor's Vile Clutch   Necr/Erth      #.........   100%        5    ######.
 Dispel Undead            Necr           #.......     100%        5    ######.
 Excruciating Wounds      Chrm/Necr      #.........   100%        5    ######.
 Fireball                 Conj/Fire      #.........   100%        5    ######.
 Irradiate                Conj/Tmut      #.........   100%        5    ######.
 Iskenderun's Battlesphe  Conj/Chrm      #.......     100%        5    ######.
 Lightning Bolt           Conj/Air       #.........   100%        5    ######.
 Metabolic Englaciation   Hex/Ice        #.........   100%        5    ######.
 Silence                  Hex/Air        #.........   100%        5    ######.
 Summon Mana Viper        Hex/Summ       #.......     100%        5    ######.
 Venom Bolt               Conj/Pois      #.........   100%        5    ######.
 Yara's Violent Unravell  Hex/Tmut       #.........   100%        5    ######.
 Bolt of Cold             Conj/Ice       #.........   100%        6    #######
 Conjure Ball Lightning   Conj/Air       #.........   100%        6    #######
 Darkness                 Hex            #.........   100%        6    #######
 Deflect Missiles         Chrm/Air       #.........   100%        6    #######
 Freezing Cloud           Conj/Ice/Air   #.........   100%        6    #######
 Hydra Form               Tmut           #.........   100%        6    #######
 Iron Shot                Conj/Erth      #.........   100%        6    #######
 Ozocubu's Refrigeration  Ice            #.........   100%        6    #######
 Shadow Creatures         Summ           N/A          100%        6    #######
 Simulacrum               Ice/Necr       #.........   100%        6    #######
 Statue Form              Tmut/Erth      #........    100%        6    #######
 Dragon Form              Tmut           #.........   100%        7    #######
 Orb of Destruction       Conj           #.........   100%        7    #######
 Spellforged Servitor     Conj/Summ      #.........   100%        7    #######
 Summon Hydra             Summ           #.........   100%        7    #######
 Ignition                 Fire           #.........   100%        8    #######
 Shatter                  Erth           #.........   100%        9    #######
 Tornado                  Air            #.........   100%        9    #######


Dungeon Overview and Level Annotations

Branches:
Dungeon (15/15)            Temple (0/1) D:5            Lair (6/6) D:10
 Shoals (4/4) Lair:2       Spider (4/4) Lair:4        Slime (0/5) Lair:5
    Orc (2/2) D:12            Elf (3/3) Orc:2        Vaults (5/5) D:14
  Crypt (0/3) Vaults:2     Depths (5/5) D:15            Zot (5/5) Depths:5
Ossuary (visited)         Gauntlet (visited)

Altars:
Ashenzari
Cheibriados
Dithmenos
Fedhas
Gozag
Nemelex Xobeh
Okawaru
Ru
Trog
Vehumet
Wu Jian
Xom
Zin
Beogh
Jiyva

Shops:
D:6 !(   Orc:2 [(!}   Elf:2 =   Shoals:1 *   Vaults:1 *   Vaults:2 !
Vaults:3 [!   Vaults:4 =?:   Depths:1 }([   Depths:4 =(%(   Depths:5 (

Portals:
Hell: Depths:1 Depths:2 Depths:3 Depths:4 Depths:5
Abyss: Depths:1 Depths:3 Depths:4
Pandemonium: Depths:1 Depths:3
Ziggurat: Depths:2

Annotations:
D:5 exclusion: downstairs
Lair:2 exclusion: oklob plant
Lair:6 3 runed translucent doors, exclusion: 2 doors, Ekhor's ghost, journeyman GrBe; Fawn's ghost, journeyman GrFE; Silenceoftheyaks's ghost, journeyman SpEn; voshxx's ghost, journeyman DsFi
Elf:2 3 runed translucent doors
Zot:2 exclusion: downstairs


Innate Abilities, Weirdness & Mutations

You have sharp fingernails.
You are partially covered in molten scales. (AC +2)
You tend to lose your temper in combat.
You can translocate small distances at will.
Your mind is acute. (Int +2)
Your flesh is cold resistant. (rC+)
You occasionally shout uncontrollably at your foes.


Message History

No target in view!
No target in view!
No target in view!
No target in view!
No target in view!
No target in view!
No target in view!
No target in view!
No target in view!
No target in view!
No target in view!
No target in view!
No target in view!
No target in view!
No target in view!
There is an open door here.
There is an open door here.
You can't go up here!
There is a staircase leading out of the dungeon here.
You have escaped!

.........######.......#.####
.........'....'......>.....#
.........######.......####.#
.........# ######+#####.#
########## #.##....#
#.##.######### #
##################.#........... #
#...≈≈≈≈...#.....#.#...........
###..........#..@..#.#...........
.8#.[........#.....#)#...........
..'..........#####'#.#...........
..'..........')♣♣#.#.#...........
..'..........#♣.♣#.#.#...........
.8#..........#♣.♣#.#.#...........
..#..........#♣♣.'.#.#...........
#.#...≈≈≈≈...# ♣♣#♣#.##########'#
#)##################...........÷.


There were no monsters in sight!

Vanquished Creatures
  4 orbs of fire (Zot:5)
  2 ancient liches (Zot:5)
  3 Killer Klowns
  2 curse toes
  2 golden dragons
  An electric golem (Zot:5)
  A hellephant (Depths:2)
  6 tentacled monstrosities
  4 liches
  4 titans
  2 deep elf blademasters (Elf:3)
  9 Orb Guardians
  2 quicksilver dragons
  2 death cobs
  4 deep elf master archers (Elf:3)
  An Executioner (Depths:5)
  3 draconian monks
  5 sphinxes
  3 shadow dragons
  An azure jelly (shapeshifter) (Vaults:5)
  A tengu reaver (Depths:2)
  3 storm dragons
  Donald (Orc:2)
  Ilsuiw (Shoals:2)
  9 fire giants
  4 draconian knights
  6 deep elf sorcerers
  4 ghost moths
  3 emperor scorpions
  3 frost giants
  A frost giant (shapeshifter) (Vaults:5)
  2 cacodemons
  Louise (D:15)
  A balrug (Depths:3)
  An emperor scorpion (shapeshifter) (Depths:2)
  11 vault wardens
  An angel (D:1)
  6 draconian scorchers
  6 deep elf elementalists (Elf:3)
  An iron dragon (Depths:5)
  8 ironheart preservers
  9 very ugly things
  3 draconian annihilators
  3 draconian shifters
  15 stone giants
  A vampire knight (Depths:4)
  13 deep elf annihilators
  2 green draconians
  24 slime creatures
  9 yellow draconians
  9 black draconians
  12 deep elf demonologists
  A minotaur (Gauntlet)
  A lorocyproca (D:4)
  5 spark wasps
  9 purple draconians
  7 red draconians
  6 white draconians
  9 deep elf death magi
  4 great orbs of eyes
  2 blizzard demons
  3 merfolk javelineers
  2 merfolk impalers
  7 fire dragons
  8 ettins
  7 ogre magi
  7 yaktaur captains
  7 deep elf high priests
  14 vault guards
  A monstrous demonspawn (D:6)
  2 hydras
  5 rakshasas
  5 ice dragons
  3 merfolk avatars
  A hell beast (Zot:5)
  A spriggan air mage (Depths:4)
  A merfolk aquamancer (Shoals:4)
  21 two-headed ogres
  9 centaur warriors
  7 tengu warriors
  2 death yaks
  A satyr (Shoals:4)
  3 deep troll shamans (Depths:2)
  8 dancing weapons
  5 deep troll earth magi
  A titan zombie (Vaults:5)
  2 orc high priests (Orc:2)
  6 spriggan berserkers
  2 soul eaters (Depths:3)
  2 sun demons (Depths:3)
  6 deep elf knights
  4 hell knights (Vaults:5)
  2 wretched stars (Gauntlet)
  2 spatial maelstroms (Abyss:2)
  4 sixfirhies
  An iron troll (Depths:2)
  4 skeletal warriors
  An unseen horror (shapeshifter) (Depths:4)
  4 glowing orange brains
  A torturous demonspawn (Depths:5)
  A quicksilver dragon simulacrum (Depths:3)
  3 large abominations (Depths:5)
  A cherub (Zot:5)
  10 deep trolls
  10 deep elf archers
  A gelid demonspawn (Zot:1)
  5 sea snakes
  A wizard (Lair:6)
  2 shadow demons
  2 flayed ghosts
  4 harpies
  9 ironbrand convokers
  3 phantasmal warriors
  6 orc knights
  5 necromancers
  2 orc sorcerers
  10 orb spiders
  A tengu skeleton (Vaults:5)
  44 deep elf magi
  11 wolf spiders
  2 manticores (shapeshifter)
  9 ugly things
  7 fauns
  A wolf spider zombie (D:15)
  3 cyclopes
  6 elephants
  A manticore (Shoals:4)
  A guardian serpent (shapeshifter) (Vaults:5)
  9 moths of wrath
  2 rust devils (Depths:3)
  8 vault sentinels
  Maurice (D:9)
  Psyche (D:8)
  An ice statue (Depths:3)
  3 water nymphs
  5 merfolk sirens
  2 torpor snails
  7 spiny frogs
  4 centaur skeletons
  4 gargoyles
  A spiny frog (shapeshifter) (Vaults:3)
  5 rime drakes (Lair:6)
  4 komodo dragons
  3 efreet (Depths:3)
  2 orange demons
  5 freezing wraiths
  4 demonic crawlers
  16 yaktaurs
  8 tengu conjurers
  An ice devil (Zot:1)
  A tormentor (D:10)
  16 merfolk
  7 trolls
  17 jumping spiders
  3 wind drakes
  2 meliai (D:14)
  A merfolk (shapeshifter) (Vaults:5)
  4 snapping turtles
  A tyrant leech (shapeshifter) (Vaults:5)
  9 hornets
  18 blink frogs
  A small abomination (Elf:3)
  7 hippogriffs
  A raiju (shapeshifter) (Vaults:2)
  10 dream sheep (Lair:4)
  An ettin skeleton (Vaults:5)
  A centaur simulacrum (D:15)
  3 flying skulls (Depths:3)
  A spriggan (shapeshifter) (D:14)
  A vampire (D:14)
  3 shadows
  An air elemental (Elf:1)
  A spriggan (Depths:4)
  40 yaks
  A ynoxinul (D:9)
  32 redbacks
  22 tarantellas
  4 water elementals
  3 wraiths
  8 humans (D:14)
  2 hungry ghosts
  4 basilisks
  A chaos spawn (D:3)
  A neqoxec (Gauntlet)
  3 spatial vortices (Abyss:2)
  5 wargs
  Edmund (D:6)
  16 soldier ants
  4 acid dragons
  7 water moccasins
  Duvessa (D:6)
  A hell hound (Depths:3)
  9 porcupines
  3 ice beasts
  A black bear (shapeshifter) (Depths:1)
  2 phantoms
  4 sky beasts
  A floating eye (Depths:4)
  4 boggarts
  4 ettin simulacra (Depths:3)
  12 orc warriors
  A black bear (Lair:2)
  6 wolves
  2 eyes of draining (D:6)
  20 ogres
  23 centaurs
  9 crocodiles
  2 elf zombies
  11 bullfrogs
  An earth elemental (Elf:2)
  A glowing shapeshifter simulacrum (Vaults:5)
  A water moccasin zombie (D:6)
  A wyvern skeleton (D:13)
  Dowan (D:6)
  3 killer bees (D:10)
  4 scorpions
  7 wights
  3 howler monkeys
  An electric eel (D:14)
  6 crimson imps
  5 human zombies
  4 jellies
  6 centaur zombies
  2 quasits
  7 orc wizards
  4 hounds
  4 bullfrog zombies
  13 orc priests
  2 bullfrog skeletons
  Jessica (D:2)
  A human skeleton (D:8)
  An iguana (D:5)
  22 worker ants
  A hound zombie (Ossuary)
  A hound skeleton (D:11)
  3 mummies (Ossuary)
  Robin (D:2)
  7 gnolls
  10 adders
  3 shadow imps
  A white imp (Depths:5)
  6 adder zombies
  An adder skeleton (D:7)
  A worm (D:2)
  4 dart slugs
  6 leopard geckos
  22 orcs
  3 ball pythons
  5 bats
  7 giant cockroaches
  21 goblins
  6 hobgoblins
  3 jackals (D:2)
  6 kobolds
  8 quokkas
  3 frilled lizards
  A gnoll zombie (Ossuary)
  3 goblin zombies (Ossuary)
  A hobgoblin zombie (Ossuary)
  6 jackal zombies
  3 kobold zombies (Ossuary)
  A leopard gecko skeleton (D:4)
  A leopard gecko zombie (D:6)
  3 orc skeletons (D:8)
  4 orc zombies
  A quokka skeleton (D:4)
  6 quokka zombies (Ossuary)
  8 rats
  4 rat zombies (Ossuary)
  A butterfly (Lair:2)
  3 crawling corpses
  3 fungi
  8 plants
1375 creatures vanquished.

Vanquished Creatures (collateral kills)
  2 ancient liches (Zot:5)
  3 juggernauts
  Saint Roka (Orc:2)
  9 Killer Klowns
  A curse toe (Zot:4)
  9 golden dragons
  2 electric golems
  7 tentacled monstrosities
  19 Orb Guardians (Zot:5)
  The ghost of Origri the Peltast, an adept MiFi of Okawaru (Elf:1)
  2 titans (Vaults:4)
  4 quicksilver dragons
  4 sphinxes
  Polyphemus (Shoals:2)
  3 death cobs
  3 tengu reavers
  The ghost of glosham the Sharpshooter, an adept HaAM of Cheibriados (Shoals:2)
  Kirke (Spider:1)
  5 storm dragons
  Agnes (Elf:1)
  7 shadow dragons
  4 draconian monks
  Roxanne (Shoals:2)
  8 frost giants
  3 vault wardens
  3 fire giants
  A deep elf sorcerer (Vaults:5)
  2 draconian knights
  3 iron dragons
  An orc warlord (Vaults:5)
  2 ghost moths
  2 emperor scorpions (Spider:4)
  The ghost of Wyic the Peltast, a journeyman MiFi of Okawaru (D:14)
  3 draconian scorchers
  6 draconian annihilators
  7 draconian shifters
  7 ironheart preservers
  A deep elf elementalist (Vaults:5)
  3 war gargoyles
  A spriggan defender (Depths:4)
  3 draconian stormcallers (Zot:5)
  9 very ugly things
  9 stone giants
  A vampire knight (Vaults:2)
  4 entropy weavers
  A deep elf demonologist (Depths:3)
  5 spark wasps
  8 green draconians
  4 black draconians
  7 red draconians
  5 yellow draconians
  11 white draconians
  2 purple draconians (Zot:5)
  2 deep elf annihilators
  3 deep elf death magi
  An eidolon (Vaults:2)
  9 ettins
  2 jiangshi (Depths:1)
  3 yaktaur captains
  3 merfolk impalers
  5 deep elf high priests
  The ghost of Mame the Severer, a journeyman HOFi of Okawaru (Spider:1)
  7 ogre magi
  3 fire dragons
  2 rakshasas (Depths:1)
  4 great orbs of eyes
  6 ice dragons
  3 hydras
  22 two-headed ogres
  20 vault guards
  2 merfolk avatars (Shoals:4)
  3 spriggan air magi
  4 centaur warriors
  3 alligator snapping turtles
  A merfolk aquamancer (Shoals:1)
  A catoblepas (Shoals:2)
  A queen ant (Spider:3)
  2 satyrs (Shoals:4)
  A death yak (Shoals:2)
  3 deep troll shamans
  4 deep troll earth magi
  7 dancing weapons
  6 tengu warriors
  A vampire mage (Depths:1)
  6 spriggan berserkers (Depths:3)
  A hell knight (Vaults:5)
  A sun demon (Depths:3)
  An iron troll (Depths:2)
  6 deep elf knights
  A storm dragon zombie (Vaults:5)
  A titan skeleton (Vaults:5)
  A shadow wraith (Vaults:1)
  A soul eater (Depths:3)
  A spriggan (Depths:4)
  7 deep trolls
  4 skeletal warriors (D:15)
  A quicksilver dragon simulacrum (Depths:3)
  An unseen horror (D:13)
  6 sea snakes
  A death drake (shapeshifter) (Vaults:5)
  A small abomination (Vaults:3)
  A glowing orange brain (Depths:3)
  7 deep elf archers
  3 wizards
  A phantasmal warrior (Vaults:5)
  8 ironbrand convokers
  5 orb spiders
  3 necromancers (D:14)
  3 orc knights
  4 fauns
  6 harpies
  26 deep elf magi
  A shadow dragon skeleton (Vaults:5)
  A stone giant skeleton (Vaults:5)
  8 ugly things
  13 wolf spiders
  9 manticores
  5 cyclopes
  6 rust devils (Depths:3)
  3 water nymphs
  A black mamba (Lair:6)
  7 moths of wrath
  3 vault sentinels
  A black mamba (shapeshifter) (Depths:4)
  A centaur skeleton (D:13)
  6 merfolk sirens
  2 centaur zombies
  A komodo dragon (Lair:5)
  3 demonic crawlers (Spider:4)
  15 yaktaurs
  2 ice devils (Depths:3)
  3 freezing wraiths
  5 jumping spiders
  2 meliai (shapeshifter)
  2 red devils (Depths:3)
  A tengu conjurer (Depths:5)
  4 trolls
  14 merfolk
  2 wind drakes (Shoals:4)
  5 hornets
  16 slime creatures
  3 snapping turtles
  2 blink frogs (Lair:6)
  A snapping turtle (shapeshifter) (Vaults:5)
  A frost giant simulacrum (Vaults:5)
  4 hippogriffs
  31 redbacks
  A shadow (Depths:3)
  3 water elementals
  A vampire (D:13)
  A wraith (Depths:3)
  13 tarantellas
  8 humans (D:14)
  4 yaks
  A yak (shapeshifter) (Depths:2)
  3 fire elementals
  A warg (Orc:2)
  11 soldier ants
  2 hell hounds (Depths:3)
  An acid dragon (shapeshifter) (Depths:1)
  2 water moccasins (Lair:6)
  An acid dragon (D:13)
  10 orc warriors
  An ettin simulacrum (Depths:3)
  12 ogres
  An eye of draining (shapeshifter) (Vaults:3)
  A boggart (Depths:4)
  An eye of draining (Depths:4)
  8 centaurs
  2 crocodiles (Lair:6)
  A bullfrog (Lair:5)
  An earth elemental (Elf:1)
  2 wights
  An electric eel (D:14)
  2 crimson imps
  3 orc priests
  3 orc wizards
  A bullfrog skeleton (D:12)
  6 worker ants
  A gnoll (Orc:1)
  A white imp (Depths:1)
  18 orcs
  A quokka (D:10)
  2 crawling corpses
  A fungus (D:10)
  24 plants
798 creatures vanquished.

Vanquished Creatures (others)
  A quicksilver dragon (Zot:5)
  4 orc warlords
  An orc high priest (Depths:3)
  A frost giant (Vaults:3)
  A vault warden (Vaults:2)
  2 stone giants
  A yellow draconian (Zot:3)
  7 orc knights
  2 yaktaur captains
  8 orc sorcerers
  3 centaur warriors
  A satyr (Shoals:4)
  A spriggan berserker (Depths:3)
  A deep elf knight (Vaults:1)
  An orb spider (Spider:4)
  A deep elf mage (Vaults:2)
  A cyclops (D:14)
  2 yaktaurs
  15 orc priests
  19 orc warriors
  4 humans (Spider:1)
  A neqoxec (Gauntlet)
  4 centaurs
  A small abomination (Gauntlet)
  11 orc wizards
  A ball lightning (Zot:3)
  54 orcs
  A hobgoblin (D:3)
  A bat (D:3)
  4 fungi
  49 plants
204 creatures vanquished.

Grand Total: 2377 creatures vanquished

Notes
Turn   | Place    | Note
-------+----------+-------------------------------------------
     0 | D:1      | Gall2222 the Hill Orc Monk began the quest for the Orb.
     0 | D:1      | Reached XP level 1. HP: 19/19 MP: 1/1
    64 | D:1      | Reached XP level 2. HP: 6/27 MP: 2/2
   497 | D:1      | Reached skill level 1 in Armour
   615 | D:1      | Reached XP level 3. HP: 33/33 MP: 3/3
   819 | D:1      | Reached skill level 5 in Axes
   894 | D:2      | Found a shadowy altar of Dithmenos.
   994 | D:2      | Found a glowing silver altar of Zin.
   995 | D:2      | Found a shattered altar of Ashenzari.
  1015 | D:2      | Found an iron altar of Okawaru.
  1117 | D:2      | Noticed Jessica
  1126 | D:2      | Killed Jessica
  1126 | D:2      | Reached XP level 4. HP: 27/41 MP: 4/4
  1297 | D:2      | Noticed Robin
  1311 | D:2      | Killed Robin
  2020 | D:3      | Reached XP level 5. HP: 42/47 MP: 5/5
  2283 | D:3      | Became a worshipper of Beogh the Brigand
  2283 | D:3      | Reached * piety under Beogh
  2283 | D:3      | Reached ** piety under Beogh
  2535 | D:3      | Found an opulent altar of Gozag.
  2630 | D:3      | Reached skill level 1 in Invocations
  2668 | D:3      | Reached skill level 5 in Fighting
  2668 | D:3      | Reached XP level 6. HP: 41/56 MP: 6/6
  3076 | D:3      | Found a sacrificial altar of Ru.
  3146 | D:3      | Found a faded altar of an unknown god.
  3478 | D:4      | Noticed a phantom
  3682 | D:4      | Killed a phantom
  3682 | D:4      | Reached XP level 7. HP: 40/61 MP: 8/8
  4909 | D:5      | Entered Level 5 of the Dungeon
  4910 | D:5      | Found a staircase to the Ecumenical Temple.
  5702 | D:4      | Reached XP level 8. HP: 12/70 MP: 10/10
  6275 | D:5      | Found a snail-covered altar of Cheibriados.
  7147 | D:6      | Noticed Duvessa
  7150 | D:6      | Noticed Dowan
  7225 | D:6      | Killed Dowan
  7391 | D:6      | Killed Duvessa
  7451 | D:6      | Found a blossoming altar of Fedhas.
  7585 | D:6      | Reached skill level 5 in Armour
  7585 | D:6      | Reached skill level 5 in Invocations
  7821 | D:6      | Found Ateurhudgh's Distillery.
  7828 | D:6      | Bought a potion of lignification for 33 gold pieces
  7828 | D:6      | Bought a potion of might for 44 gold pieces
  8020 | D:6      | Noticed Edmund
  8061 | D:6      | Killed Edmund
  8061 | D:6      | Reached skill level 10 in Axes
  8061 | D:6      | Reached skill level 1 in Shields
  8226 | D:6      | Reached XP level 9. HP: 62/79 MP: 13/13
  8378 | D:6      | Found a bloodstained altar of Trog.
  8726 | D:6      | Found Zarugg's Weapon Boutique.
  8746 | D:6      | Bought a +0 glaive for 84 gold pieces
 10035 | D:8      | Found a sand-covered staircase.
 10093 | Ossuary  | Entered an ossuary
 10107 | Ossuary  | Reached *** piety under Beogh
 10540 | D:8      | Reached **** piety under Beogh
 10782 | D:8      | Noticed a hornet
 10797 | D:8      | Killed a hornet
 10797 | D:8      | Reached XP level 10. HP: 72/88 MP: 15/15
 11028 | D:8      | Noticed Psyche
 11040 | D:8      | Killed Psyche
 11666 | D:9      | Noticed Maurice
 11677 | D:9      | Killed Maurice
 12040 | D:10     | Entered Level 10 of the Dungeon
 12156 | D:10     | Noticed an elephant
 12507 | D:9      | Killed an elephant
 12705 | D:10     | Reached skill level 5 in Shields
 12756 | D:10     | Found a shimmering altar of Xom.
 12904 | D:10     | Found a staircase to the Lair.
 13103 | D:10     | Noticed a two-headed ogre
 13115 | D:10     | Killed a two-headed ogre
 13115 | D:10     | Reached XP level 11. HP: 71/97 MP: 17/17
 14227 | D:11     | Reached ***** piety under Beogh
 14782 | Lair:1   | Entered Level 1 of the Lair of Beasts
 16541 | Lair:1   | Reached skill level 10 in Fighting
 17505 | Lair:1   | Reached XP level 12. HP: 63/106 MP: 19/19
 17671 | Lair:2   | Reached skill level 10 in Invocations
 18053 | Lair:2   | Found a staircase to the Shoals.
 18085 | Lair:2   | Reached skill level 15 in Axes
 19081 | Lair:2   | Noticed a death yak
 19120 | Lair:2   | Killed a death yak
 20767 | Lair:4   | Found a hole to the Spider Nest.
 20992 | Lair:4   | Reached XP level 13. HP: 83/116 MP: 21/21
 21252 | Lair:4   | Reached skill level 10 in Armour
 21943 | Lair:5   | Found a gate leading to a gauntlet.
 21952 | Gauntlet | Entered a Gauntlet
 21952 | Gauntlet | Found a transporter.
 21952 | Gauntlet | Found a transporter.
 21952 | Gauntlet | Found a transporter.
 21961 | Gauntlet | Found a transporter.
 21964 | Gauntlet | Found a transporter.
 21974 | Gauntlet | Found a transporter.
 22040 | Gauntlet | Found a transporter.
 22050 | Gauntlet | Found a transporter.
 22066 | Gauntlet | Found a transporter.
 22081 | Gauntlet | Found a transporter.
 22091 | Gauntlet | Found a transporter.
 22097 | Gauntlet | Found a transporter.
 22425 | Gauntlet | Got a bound ivory ring
 22433 | Gauntlet | Identified the ring of Ymui {Fire +Inv rPois Dex-5} (You
                  | found it in a Gauntlet)
 22452 | Gauntlet | Gained mutation: Armour fits poorly on your strangely
                  | shaped body. [a neqoxec]
 22494 | Gauntlet | Got a crude amethyst amulet
 22513 | Gauntlet | Lost mutation: Armour fits poorly on your strangely shaped
                  | body. [potion of mutation]
 22513 | Gauntlet | Gained mutation: You have an uncontrollable temper. [potion
                  | of mutation]
 22513 | Gauntlet | Gained mutation: Your mind is acute. (Int +2) [potion of
                  | mutation]
 22522 | Gauntlet | Noticed a minotaur
 22542 | Gauntlet | Killed a minotaur
 22590 | Gauntlet | Got a heavily runed chain mail
 22596 | Gauntlet | Identified the cursed +0 chain mail of Theory {*Drain
                  | +Blink rElec Int+3 Dex+4} (You found it in a Gauntlet)
 22598 | Gauntlet | Identified the amulet of Cussobb {-Tele rF+ Regen+ Int+3
                  | Dex+8} (You found it in a Gauntlet)
 22878 | Lair:5   | Found a viscous altar of Jiyva.
 22878 | Lair:5   | Found a staircase to the Slime Pits.
 23400 | Lair:5   | Gained Marbork as an ally
 23861 | Lair:6   | Entered Level 6 of the Lair of Beasts
 24249 | Lair:6   | Found a runed translucent gate.
 24249 | Lair:6   | Found a runed translucent gate.
 24249 | Lair:6   | Found a runed translucent gate.
 24249 | Lair:6   | Noticed Ekhor's ghost (journeyman GrBe)
 24249 | Lair:6   | Noticed voshxx's ghost (journeyman DsFi)
 24249 | Lair:6   | Noticed Silenceoftheyaks's ghost (journeyman SpEn)
 24249 | Lair:6   | Noticed Fawn's ghost (journeyman GrFE)
 24252 | Lair:6   | Lost mutation: Your mind is acute. (Int +2) [potion of
                  | mutation]
 24252 | Lair:6   | Gained mutation: You have sharp fingernails. [potion of
                  | mutation]
 24252 | Lair:6   | Gained mutation: You are robust. (+10% HP) [potion of
                  | mutation]
 24253 | Lair:6   | Lost mutation: You tend to lose your temper in combat.
                  | [potion of mutation]
 24253 | Lair:6   | Lost mutation: You are robust. (+10% HP) [potion of
                  | mutation]
 24253 | Lair:6   | Gained mutation: Your magical capacity is low. (-10% MP)
                  | [potion of mutation]
 24253 | Lair:6   | Gained mutation: You are partially covered in rugged brown
                  | scales. (AC +1, +3% HP) [potion of mutation]
 25422 | D:12     | Found a staircase to the Orcish Mines.
 25535 | D:12     | Found a roughly hewn altar of Beogh.
 25567 | D:12     | Reached XP level 14. HP: 126/129 MP: 20/20
 25847 | D:12     | Gained Korbok as an ally
 26172 | D:13     | Found a shattered altar of Ashenzari.
 27483 | D:14     | Found a large runed translucent door.
 27484 | D:14     | Found a large runed translucent door.
 27509 | D:14     | Reached skill level 10 in Shields
 28207 | D:14     | You fall into a shaft and drop 1 floor!
 28207 | D:15     | Entered Level 15 of the Dungeon
 28210 | D:15     | Noticed Louise
 28215 | D:15     | Killed Louise
 28236 | D:15     | Found a shimmering altar of Xom.
 28449 | D:15     | Found a staircase to the Depths.
 29268 | D:15     | Gained Milork as an ally
 29602 | D:15     | Identified a scroll of acquirement
 30269 | D:14     | Noticed Wyic's ghost (journeyman MiFi)
 30415 | D:14     | Killed Wyic's ghost
 30415 | D:14     | Reached XP level 15. HP: 133/140 MP: 22/22
 30994 | D:14     | Found a gate to the Vaults.
 31199 | Orc:1    | Entered Level 1 of the Orcish Mines
 31566 | Orc:2    | Entered Level 2 of the Orcish Mines
 31664 | Orc:2    | Found a staircase to the Elven Halls.
 31881 | Orc:2    | Noticed Donald
 31890 | Orc:2    | Killed Donald
 32054 | Orc:2    | Noticed Saint Roka
 32055 | Orc:2    | Found Lami Gidghi's Antique Weapon Boutique.
 32055 | Orc:2    | Found a roughly hewn altar of Beogh.
 32065 | Orc:2    | Found Veroujut's Antique Armour Shop.
 32078 | Orc:2    | Killed Saint Roka
 32106 | Orc:2    | Bought a glowing helmet for 247 gold pieces
 32106 | Orc:2    | Bought a distressingly furry cloak for 313 gold pieces
 32106 | Orc:2    | Identified the +0 cloak of Time Monsters {*Slow Regen+
                  | Int+3 Dex+5} (You bought it in a shop on level 2 of the
                  | Orcish Mines)
 32559 | Orc:2    | Found a roughly hewn altar of Beogh.
 32577 | Orc:2    | Found a roughly hewn altar of Beogh.
 32578 | Orc:2    | Found Opseewos's Distillery.
 32621 | Orc:2    | Found a roughly hewn altar of Beogh.
 32652 | Orc:2    | Found a roughly hewn altar of Beogh.
 32652 | Orc:2    | Found Uclaets's Gadget Boutique.
 32725 | Orc:2    | Found a roughly hewn altar of Beogh.
 33164 | Spider:1 | Entered Level 1 of the Spider Nest
 33197 | Spider:1 | Gained Wargrak as an ally
 33216 | Spider:1 | Noticed Kirke
 33226 | Spider:1 | Killed Kirke
 33256 | Spider:1 | Reached ****** piety under Beogh
 33467 | Spider:1 | Noticed an emperor scorpion
 33488 | Spider:1 | Killed an emperor scorpion
 33668 | Spider:1 | Found a large runed translucent door.
 33668 | Spider:1 | Found a large runed translucent door.
 33672 | Spider:1 | Noticed Mame's ghost (journeyman HOFi)
 33906 | Spider:1 | Killed Mame's ghost
 33913 | Spider:1 | Got a slimy cloak
 33914 | Spider:1 | Identified the cursed +0 cloak of Larank {-Tele rN+++
                  | Dex+2} (You found it on level 1 of the Spider Nest)
 34114 | Spider:2 | Reached skill level 15 in Invocations
 34470 | Spider:2 | You fall into a shaft and drop 1 floor!
 34471 | Spider:3 | Noticed a ghost moth
 34479 | Spider:3 | Your ally Wargrak died
 34483 | Spider:3 | Killed a ghost moth
 34491 | Spider:3 | Gained Oruk as an ally
 34511 | Spider:3 | Your ally Milork died
 34632 | Spider:3 | Reached XP level 16. HP: 143/151 MP: 24/24
 34729 | Spider:3 | Found a runed translucent door.
 34823 | Spider:3 | Your ally Marbork died
 35338 | Spider:3 | Reached skill level 15 in Fighting
 35529 | Spider:4 | Entered Level 4 of the Spider Nest
 36442 | Spider:4 | Your ally Wargrak died
 37162 | Spider:4 | Reached XP level 17. HP: 110/162 MP: 1/26
 37317 | Spider:4 | Got a gossamer rune of Zot
 37516 | Shoals:1 | Entered Level 1 of the Shoals
 37516 | Shoals:1 | Found Ele Weita's General Store.
 37700 | Shoals:1 | Gained Worak as an ally
 38705 | Shoals:2 | Noticed Ilsuiw
 38747 | Shoals:2 | Killed Ilsuiw
 39197 | Shoals:2 | Identified Roxanne's Reference Book on Transformation
 39197 | Shoals:2 | Noticed Roxanne
 39224 | Shoals:2 | Killed Roxanne
 39226 | Shoals:2 | Noticed Polyphemus
 39242 | Shoals:2 | Killed Polyphemus
 39597 | Shoals:2 | Found a large runed translucent door.
 39598 | Shoals:2 | Found a large runed translucent door.
 39599 | Shoals:2 | Noticed glosham's ghost (adept HaAM)
 39600 | Shoals:2 | Found the +5 demon whip "Spellbinder" {antimagic, MR+}
 39722 | Shoals:2 | Killed glosham's ghost
 40230 | Shoals:2 | Reached skill level 15 in Armour
 41319 | Shoals:3 | Got a distressingly furry helmet
 41633 | Shoals:3 | Identified the +1 helmet of Anarchy {Str+4 Int+9} (You
                  | found it on level 3 of the Shoals)
 41744 | Shoals:4 | Entered Level 4 of the Shoals
 43562 | Shoals:4 | Got a barnacled rune of Zot
 44077 | Vaults:1 | Entered Level 1 of the Vaults
 44095 | Vaults:1 | Reached XP level 18. HP: 101/174 MP: 27/27
 44542 | Vaults:1 | Found Pivvutaf's General Store.
 44856 | Vaults:1 | Reached skill level 15 in Shields
 45848 | Vaults:1 | Gained Bogdar as an ally
 46985 | Vaults:2 | Noticed a titan
 46994 | Vaults:2 | Killed a titan
 47681 | Vaults:2 | Found a staircase to the Crypt.
 47749 | Vaults:2 | Gained Oruk as an ally
 48000 | Vaults:2 | Reached XP level 19. HP: 166/184 MP: 29/29
 48392 | Vaults:2 | Found Qeret's Distillery.
 48409 | Vaults:2 | Bought a potion of might for 76 gold pieces
 49290 | Vaults:3 | Found Lukh's Distillery.
 49307 | Vaults:3 | Gained Borgoth as an ally
 49512 | Vaults:3 | Found Ofiyvira's Armour Shop.
 49560 | Vaults:3 | Noticed a tentacled monstrosity
 49578 | Vaults:3 | Killed a tentacled monstrosity
 49621 | Vaults:3 | Found the +8 glaive of the Guard {elec, +Rage AC+5 SInv}
 49628 | Vaults:3 | Your ally Wargrak died
 50602 | Vaults:4 | Your ally Borgoth died
 50609 | Vaults:4 | Gained Norbak as an ally
 50629 | Vaults:4 | Gained Grimold as an ally
 50839 | Vaults:4 | Noticed a Tzitzimitl
 52078 | Vaults:4 | Found Qaobaopu's Jewellery Emporium.
 52081 | Vaults:4 | Found Erghadesch's Magic Scroll Emporium.
 52087 | Vaults:4 | Bought a scroll of acquirement for 884 gold pieces
 52153 | Vaults:4 | Found Giuthrusch's Book Shoppe.
 52993 | Vaults:5 | Entered Level 5 of the Vaults
 53087 | Vaults:5 | Noticed a golden dragon
 53347 | Vaults:4 | Reached XP level 20. HP: 124/194 MP: 30/30
 55490 | Vaults:4 | Killed a golden dragon
 56046 | Vaults:5 | Your ally Norbak died
 56446 | Vaults:5 | Identified the +8 glaive of Capital Punishment {holy, rC++
                  | Str+4 Dex+5}
 56500 | Vaults:5 | Paralysed by a sphinx for 6 turns
 56541 | Vaults:5 | Gained mutation: You are clumsy. (Dex -2) [a shining eye]
 56543 | Vaults:5 | Gained mutation: Your magical capacity is very low. (-20%
                  | MP) [a shining eye]
 56545 | Vaults:5 | Identified the +4 broad axe "Hoqub" {antimagic, rPois}
 57098 | Vaults:5 | Identified the cursed +0 plate armour of the Sailor {Str+4
                  | SInv}
 57116 | Vaults:5 | Identified the ring "Gabesit" {+Fly rN+}
 57680 | Vaults:5 | Identified the ring "Jeerren" {rF+ Int+5 Stlth+}
 57697 | Vaults:5 | Reached XP level 21. HP: 78/204 MP: 28/28
 58092 | Vaults:5 | Got a silver rune of Zot
 58689 | Vaults:5 | Found the +0 Maxwell's etheric cage {RegenMP+ *Contam rElec
                  | MP+4}
 59148 | Elf:1    | Entered Level 1 of the Elven Halls
 59811 | Elf:1    | Noticed Agnes
 59836 | Elf:1    | Killed Agnes
 60251 | Elf:1    | Found a runed translucent door.
 60252 | Elf:1    | Noticed Origri's ghost (adept MiFi)
 60485 | Elf:1    | Killed Origri's ghost
 60992 | Elf:2    | Found a runed translucent gate.
 60992 | Elf:2    | Found a runed translucent gate.
 60992 | Elf:2    | Found a runed translucent gate.
 61052 | Elf:2    | Found Parghon's Jewellery Shoppe.
 61058 | Elf:2    | Bought a +4 ring of slaying for 1248 gold pieces
 61274 | Elf:3    | Entered Level 3 of the Elven Halls
 62108 | Elf:3    | Cast into level 2 of the Abyss (a deep elf demonologist)
 62121 | Abyss:2  | Gained mutation: Potions are less effective at restoring
                  | your health. [a cacodemon]
 62124 | Abyss:2  | Gained mutation: Armour fits poorly on your strangely
                  | shaped body. [a cacodemon]
 62141 | Abyss:2  | Lost mutation: Your magical capacity is very low. (-20% MP)
                  | [potion of mutation]
 62141 | Abyss:2  | Lost mutation: You are partially covered in rugged brown
                  | scales. (AC +1, +3% HP) [potion of mutation]
 62141 | Abyss:2  | Lost mutation: Armour fits poorly on your strangely shaped
                  | body. [potion of mutation]
 62141 | Abyss:2  | Lost mutation: You are clumsy. (Dex -2) [potion of
                  | mutation]
 62141 | Abyss:2  | Gained mutation: You are clumsy. (Dex -2) [potion of
                  | mutation]
 62141 | Abyss:2  | Gained mutation: You can translocate small distances at
                  | will. [potion of mutation]
 62160 | Elf:3    | Escaped the Abyss
 62621 | Elf:3    | Identified the +2 leather armour of Dilurgh {rElec rF+ rN+
                  | Dex+2}
 62621 | Elf:3    | Identified the ring "Ceorytt" {rC++ MR+ rCorr Str-2 Slay+3}
 62892 | Elf:3    | Reached XP level 22. HP: 148/211 MP: 32/32
 63428 | Elf:3    | Identified the cursed +1 hand axe of Roolomu {protect,
                  | *Drain +Inv MR+ SInv}
 63732 | Elf:3    | Identified Sif Muna's Incunabulum of Toxins and Execration
 63734 | Elf:3    | Identified the Reference Book on Battle Magic
 63830 | Elf:3    | Identified the Grimoire of the Fiery Frostbite
 64165 | Depths:1 | Entered Level 1 of the Depths
 64181 | Depths:1 | Found a gateway to Hell.
 64627 | Depths:1 | Found Elaes's Antique Armour Boutique.
 64696 | Depths:1 | Found Emme Daosil's Weapon Shop.
 64796 | Depths:1 | Found Fuppicvo's Gadget Boutique.
 64799 | Depths:1 | Found a sparkling altar of Nemelex Xobeh.
 64957 | Depths:1 | Found a one-way gate to the infinite horrors of the Abyss.
 65042 | Depths:1 | Found a one-way gate leading to the halls of Pandemonium.
 65473 | Depths:2 | Noticed a golden dragon
 65485 | Depths:2 | Killed a golden dragon
 65487 | Depths:2 | Your ally Oruk died
 65490 | Depths:2 | Your ally Oruk died
 65586 | Depths:2 | Noticed a golden dragon
 65595 | Depths:2 | Killed a golden dragon
 65633 | Depths:2 | Reached XP level 23. HP: 85/220 MP: 25/33
 66298 | Depths:2 | Found a gateway to a ziggurat.
 66904 | Depths:3 | Found an opulent altar of Gozag.
 67006 | Depths:3 | Found a radiant altar of Vehumet.
 67029 | Depths:3 | Gained Urtork as an ally
 67125 | Depths:3 | Noticed a golden dragon
 67132 | Depths:3 | Identified the +0 bardiche of Valour {chop, *Drain rElec
                  | rF++}
 67134 | Depths:3 | Killed a golden dragon
 67151 | Depths:3 | Your ally Urtork died
 67165 | Depths:3 | Noticed a golden dragon
 67167 | Depths:3 | Noticed a golden dragon
 67179 | Depths:3 | Killed a golden dragon
 67186 | Depths:3 | Killed a golden dragon
 67191 | Depths:3 | Your ally Grimold died
 67191 | Depths:3 | Noticed a juggernaut
 67199 | Depths:3 | Your ally Worak died
 67203 | Depths:3 | HP: 6/221 [juggernaut (15)]
 67205 | Depths:3 | Killed a juggernaut
 67568 | Depths:3 | Gained Oreg as an ally
 67642 | Depths:3 | Your ally Oreg died
 67781 | Depths:3 | Found an ornate altar of the Wu Jian Council.
 67968 | Depths:3 | Found a shadowy altar of Dithmenos.
 68250 | Depths:3 | Noticed a juggernaut
 68262 | Depths:3 | Killed a juggernaut
 68317 | Depths:3 | Found the +12 glaive of Prune {chop}
 68509 | Depths:3 | Identified the Tome of Toxic Stones
 68673 | Depths:4 | Found Qampoil's Weapon Boutique.
 68688 | Depths:4 | Found Afeumur's Food Boutique.
 68688 | Depths:4 | Found Demohij's Weapon Shop.
 68691 | Depths:4 | Found Rokesab's Jewellery Shop.
 68701 | Depths:4 | Bought the ring "Vait" {+Fly rElec} for 598 gold pieces
 68991 | Depths:4 | Gained Gorg as an ally
 68992 | Depths:4 | Reached XP level 24. HP: 231/231 MP: 33/33
 69107 | Depths:4 | Noticed a juggernaut
 69120 | Depths:4 | Killed a juggernaut
 69428 | Depths:4 | Paralysed by a floating eye for 2 turns
 70570 | Depths:5 | Entered Level 5 of the Depths
 70617 | Depths:5 | Gained Ugbert as an ally
 70901 | Depths:5 | Found Cossit's Antique Weapon Boutique.
 71463 | Depths:5 | Found a gate to the Realm of Zot.
 71848 | Zot:1    | Entered Level 1 of the Realm of Zot
 72325 | Zot:1    | Noticed a curse toe
 72328 | Zot:1    | Killed a curse toe
 72349 | Zot:1    | Reached XP level 25. HP: 240/240 MP: 30/34
 72642 | Zot:1    | Got a crystal broad axe
 72743 | Zot:1    | Identified the +7 broad axe of Nibienot {holy, +Fly rElec
                  | rF- Str+5} (You found it on level 1 of the Realm of Zot)
 75441 | Zot:3    | Your ally Gorg died
 75926 | Zot:3    | Noticed a Killer Klown
 75926 | Zot:3    | Noticed a Killer Klown
 75975 | Zot:3    | Killed a Killer Klown
 75982 | Zot:3    | Killed a Killer Klown
 75987 | Zot:3    | Noticed a Killer Klown
 76000 | Zot:3    | Killed a Killer Klown
 77086 | Zot:5    | Entered Level 5 of the Realm of Zot
 77161 | Zot:5    | Reached XP level 26. HP: 213/251 MP: 34/34
 77170 | Zot:5    | Your ally Gorg died
 77738 | Zot:5    | Noticed an ancient lich
 77744 | Zot:5    | Noticed an ancient lich
 77748 | Zot:5    | Killed an ancient lich
 77752 | Zot:5    | Killed an ancient lich
 77757 | Zot:5    | Noticed a Killer Klown
 77773 | Zot:5    | Killed a Killer Klown
 77786 | Zot:5    | Noticed a Killer Klown
 77791 | Zot:5    | Noticed an orb of fire
 77792 | Zot:5    | Noticed a Killer Klown
 77794 | Zot:5    | Killed an orb of fire
 77794 | Zot:5    | Killed a Killer Klown
 77798 | Zot:5    | Killed a Killer Klown
 77834 | Zot:5    | Noticed an orb of fire
 77840 | Zot:5    | Gained mutation: You are dopey. (Int -2) [an orb of fire]
 77841 | Zot:5    | Killed an orb of fire
 77923 | Zot:5    | Noticed a Killer Klown
 77940 | Zot:5    | Killed a Killer Klown
 78420 | Zot:5    | Noticed an orb of fire
 78424 | Zot:5    | Killed an orb of fire
 78424 | Zot:5    | Noticed a Killer Klown
 78426 | Zot:5    | Noticed a Killer Klown
 78426 | Zot:5    | Noticed a Killer Klown
 78431 | Zot:5    | Noticed a Killer Klown
 78436 | Zot:5    | Noticed an orb of fire
 78441 | Zot:5    | Killed an orb of fire
 78446 | Zot:5    | Killed a Killer Klown
 78449 | Zot:5    | Noticed a Killer Klown
 78449 | Zot:5    | Killed a Killer Klown
 78455 | Zot:5    | Killed a Killer Klown
 78464 | Zot:5    | Killed a Killer Klown
 78464 | Zot:5    | Reached XP level 27. HP: 116/262 MP: 19/35
 78658 | Zot:5    | Noticed an ancient lich
 78660 | Zot:5    | Noticed an ancient lich
 78662 | Zot:5    | Killed an ancient lich
 78668 | Zot:5    | Killed an ancient lich
 80045 | Zot:5    | Got the Orb of Zot
 80269 | Depths:5 | Gained mutation: You occasionally shout uncontrollably at
                  | your foes. [a cacodemon]
 80288 | Depths:5 | Lost mutation: Your magical capacity is low. (-10% MP)
                  | [potion of mutation]
 80288 | Depths:5 | Lost mutation: You are dopey. (Int -2) [potion of mutation]
 80288 | Depths:5 | Lost mutation: Potions are less effective at restoring your
                  | health. [potion of mutation]
 80288 | Depths:5 | Gained mutation: You tend to lose your temper in combat.
                  | [potion of mutation]
 80288 | Depths:5 | Gained mutation: Armour fits poorly on your strangely
                  | shaped body. [potion of mutation]
 80288 | Depths:5 | Gained mutation: You are partially covered in molten
                  | scales. (AC +2) [potion of mutation]
 80289 | Depths:5 | Lost mutation: Armour fits poorly on your strangely shaped
                  | body. [potion of mutation]
 80289 | Depths:5 | Lost mutation: You are clumsy. (Dex -2) [potion of
                  | mutation]
 80289 | Depths:5 | Gained mutation: Your mind is acute. (Int +2) [potion of
                  | mutation]
 80289 | Depths:5 | Gained mutation: Your flesh is cold resistant. (rC+)
                  | [potion of mutation]
 80788 | D:$      | Escaped with the Orb!

Levels and vault maps discovered:
D:1:      scummos_arrival_gate, layout_basic, kennysheep_pointless_box,
          nrook_uturn
D:2:      layout_loops_ring, lemuel_crystal_altar, lemuel_crystal_altar,
          nicolae_overflow_hidden_temple, uniq_robin, uniq_jessica
D:3:      layout_loops_ring, lemuel_doored_altar, lemuel_round_altar,
          chequers_ecumenical_altar_simple_redux, first_ration,
          kennysheep_generic_room_3
D:4:      layout_loops_corners
D:5:      layout_rooms, lemuel_round_altar, minmay_temple_entry_proselytizer,
          serial_bayou, serial_bayou_shore_a, serial_bayou_ford_a,
          serial_bayou_pond_c, serial_bayou_lake_a
D:6:      layout_basic, fedhas_ov_isle_minmay, trog_eyes_of_draining,
          serial_shops, shop, shop, chequers_serial_rivers_micro_b,
          chequers_arboretum, minmay_chambers_of_fives, uniq_duvessa,
          uniq_edmund
D:7:      layout_cave_pods
D:8:      layout_basic, nicolae_ossuary_entry_catacombs, grunt_ogre_cave,
          uniq_psyche
D:9:      layout_cave_pools, serial_co_window_serial, co_window_paths_a,
          co_window_paths_b, co_window_of_opportunity_a, co_window_paths_b,
          co_window_corner_a, co_window_broadway_c, co_window_corner_b,
          co_window_corner_b, co_window_broadway_a, co_window_paths_e,
          glass_columns_c, glass_columns_a, roderic_serpentine_path,
          uniq_maurice
D:10:     layout_irregular_city, david_lair_generic, basic_altar,
          minmay_misc_feat_more_columns
D:11:     layout_gridville, minmay_misc_feat_chi
D:12:     layout_stronghold, minmay_orc_entry_temple_small
D:13:     layout_long_grid, nicolae_wwwww, evilmike_ruin_ashenzari
D:14:     layout_basic, grunt_vaults_entry_tiered, ebering_ghost_disaster_area,
          grunt_decor_cap, minmay_pinched_square
D:15:     grunt_enter_depths_hoard, layout_rooms, minmay_misc_feat_room,
          brannock_xom_greatest_gift, uniq_louise
Lair:1:   layout_cave_pods, serial_bayou_pond_d, infiniplex_staircase_pool,
          grunt_megastairs_2
Lair:2:   layout_misc_corridors, minmay_shoals_entry_centaurs,
          lemuel_fruit_fields, grunt_megastairs_5, minmay_lair_oklob_chamber
Lair:3:   layout_hall_layers, lemuel_fruit_tree, lemuel_fruit_fields
Lair:4:   layout_regular_city, spider_nest_entry_webs, serial_bayou_pond_e,
          lemuel_fruit_fields, grunt_megastairs_4
Lair:5:   layout_loops_ring, slime_altar_1, gauntlet_entry_generic
Lair:6:   evil_forest, layout_gridlike, gammafunk_ghost_cemetery,
          grunt_forest_small_clearing_treed
Shoals:1: layout_shoals, serial_shops, shop, nicolae_shoals_square_sea_wall
Shoals:2: layout_shoals, ebering_ghost_disaster_area, uniq_polyphemus,
          uniq_roxanne, uniq_ilsuiw
Shoals:3: layout_shoals
Shoals:4: shoals_end_grunt_garden, layout_shoals
Spider:1: layout_spider_delve, ebering_ghost_disaster_area, uniq_kirke
Spider:2: spiders_nest_a
Spider:3: cheibrodos_spider_deadly_dance, drop_trap, minivault_29
Spider:4: spider_rune_water, nicolae_spider_cling_ruins
Orc:1:    layout_diamond_mine, rock_pile
Orc:2:    grunt_orc_community_town_hall, layout_caves,
          grunt_orc_community_big_house_1, grunt_orc_community_big_house_1,
          grunt_orc_community_house_2, grunt_orc_community_house_3,
          grunt_orc_community_house_2, grunt_orc_community_house_3,
          grunt_orc_community_house_1, grunt_orc_community_house_3, uniq_donald
Elf:1:    elf_arrival_001, layout_geoelf_grid, ebering_ghost_inner_flame,
          hangedman_elf_represent, uniq_agnes
Elf:2:    layout_loops_ring, serial_shops,
          nicolae_shop_temple_entry_statues_fountains, uniq_azrael
Elf:3:    minmay_elf_hall_hex, layout_gridlike, minmay_misc_feat_cross
Vaults:1: vaults_dpeg_ring, nicolae_vaults_back_hallway,
          hangedman_vaults_stitches, nicolae_vaults_inception_network,
          hangedman_vaults_unwind, hangedman_vaults_stagger, v_misc_2,
          grunt_vaults_swirl, vaults_mumra_hex, layout_vaults_maze,
          serial_shops, nicolae_shop_crystal
Vaults:2: minmay_crypt_entry_simple_plaza, v_pattern_5, v_misc_17,
          vaults_room_mumra_shop_pool, ontoclasm_vaults_shout, v_misc_8,
          hangedman_vaults_corner_blocks, hangedman_vaults_locks,
          vaults_room_grunt_arrival_ludios, vaults_room_fours,
          ontoclasm_vaults_gateway, layout_vaults_omnicross
Vaults:3: hangedman_vaults_slice, ontoclasm_vaults_pinch,
          nicolae_vaults_asterisk, vaults_mumra_minichess,
          nicolae_vaults_three_branches, vaults_room_corners,
          hangedman_vaults_maws, vaults_room_pool, v_misc_5,
          minmay_guarded_unrand_guard_vaults, vaults_room_ringed_pool,
          vaults_room_semicircle, v_misc_25, serial_ice_h, layout_vaults_ring,
          serial_shops, shop_statue, nicolae_shop_crystal
Vaults:4: v_misc_29, nicolae_vaults_stairing_the_circle, vaults_room_door_ring,
          ontoclasm_vaults_ring_square, serial_ice_h, layout_vaults_omnigrid,
          serial_shops, nicolae_shop_behind_doors, nicolae_shop_stone, shop
Vaults:5
Depths:1: layout_cave_pools, serial_shops, shop, nicolae_shop_crystal, shop,
          rand_demon_pan_entry_3, nicolae_abyss_entry_one_way_or_another,
          hell_entry, st_stairs_11, nemelex_xobeh_ov_fountains_minmay
Depths:2: hangedman_cross_cluster, layout_gridlike, enter_ziggurat_b,
          hangedman_geh_valley, drop_trap
Depths:3: grunt_profane_halls [grunt_profane_temple_geh,
          grunt_profane_temple_coc, grunt_profane_temple_dis,
          grunt_profane_temple_tar, grunt_profane_loot], hell_entry, pan_entry,
          abyss_entry
Depths:4: evilmike_diamond_1, layout_gridville, abyss_entry,
          minmay_misc_feat_plants, hell_entry, minislime_mu,
          minmay_staircase_windowed_large, minmay_shoptagon,
          serial_bayou_shore_b
Depths:5: evilmike_zot_entry_round, layout_gridlike, hangedman_coc_ice_floe,
          serial_shops, nicolae_shop_statue_plus, kennysheep_random_hallway
Zot:1:    kennysheep_ambush_hall, layout_misc_corridors
Zot:2:    layout_twisted_circle
Zot:3:    grunt_zot_stairs_faceoff, layout_cathedral_of_symmetry, st_stairs_2,
          hangedman_zot_gyre
Zot:4:    layout_basic, ebering_ghost_rock_garden
Zot:5:    layout_basic, st_stairs_2, grunt_ministairs_10

Skill      XL: |  1  2  3  4  5  6  7  8  9 10 11 12 13 14 15 16 17 18 19 20 21 22 23 24 25 26 27 |
---------------+----------------------------------------------------------------------------------+-----
Armour         | 1 2 3 4 5 6 7 8 9 10 12 13 14 15 16 17 18 19 20 21 22 | 22.9
Fighting       | 4 5 6 7 8 9 10 11 12 13 14 15 17 18 19 20 21 22 23 24 | 24.7
Axes           | 5 6 7 8 10 11 13 14 16 17 18 | 18.0
Invocations    | 1 2 3 5 7 8 9 11 12 13 15 16 17 18 19 20 21 22 24 25 | 25.7
Shields        | 1 3 5 6 8 9 11 12 13 14 16 17 19 20 22 23 24 25 | 25.0
Dodging        | |  2.4
Stealth        | |  1.5

Action                   |  1- 3 |  4- 6 |  7- 9 | 10-12 | 13-15 | 16-18 | 19-21 | 22-24 | 25-27 || total
-------------------------+-------+-------+-------+-------+-------+-------+-------+-------+-------++-------
Melee: Hand axe          |   123 |   221 |  1031 |    57 |       |       |       |       |       ||  1432
       War axe           |       |       |       |   862 |   938 |  1018 |       |       |       ||  2818
       Broad axe         |       |       |       |       |       |   147 |  1000 |  1046 |   654 ||  2847
Throw: Throwing net      |       |       |       |     1 |     1 |       |       |       |       ||     2
Invok: Convert to Beogh  |       |     1 |       |       |       |       |       |       |       ||     1
       Smiting           |       |     3 |     4 |     2 |    22 |    23 |    30 |    24 |    51 ||   159
       Give Item to Name |       |       |       |       |     2 |     2 |     4 |     4 |       ||    12
       Recall Orcish Fol |       |       |       |       |     6 |     7 |     3 |     9 |     2 ||    27
       Stop Recall       |       |       |       |       |     4 |     6 |     3 |     9 |     1 ||    23
       Resurrection      |       |       |       |       |     1 |     1 |     1 |       |     1 ||     4
 Abil: Stop Flying       |       |       |       |       |       |       |       |     1 |       ||     1
Evoke: Wand              |       |       |    10 |    19 |    10 |     1 |     9 |       |     5 ||    54
       Lamp of fire      |       |       |       |       |       |     1 |     1 |       |       ||     2
  Use: Potion            |       |     1 |       |     1 |     6 |     4 |    10 |    11 |     9 ||    42
       Scroll            |       |       |    10 |     1 |    18 |    12 |     4 |    10 |     5 ||    60
 Stab: Sleeping          |       |     1 |       |       |       |       |       |       |       ||     1
       Paralysed         |       |       |     7 |    30 |     3 |     8 |       |     3 |     1 ||    52
       Held in net/web   |       |       |       |     2 |       |       |       |       |       ||     2
       Distracted        |       |       |       |       |    16 |    10 |    11 |    25 |     9 ||    71
       Confused          |       |       |       |       |     1 |       |       |     3 |    13 ||    17
       Petrified         |       |       |       |       |       |     4 |       |       |       ||     4
       Invisible         |       |       |       |       |       |     2 |       |       |       ||     2
  Eat: Chunk             |     1 |     7 |     9 |    30 |    30 |    32 |    33 |    31 |     7 ||   180
       Ration            |       |       |     5 |     1 |     4 |     3 |     4 |       |     6 ||    23
Armor: Robe              |     2 |       |       |       |       |       |       |       |       ||     2
       Ring mail         |    49 |    81 |    31 |       |       |       |       |       |       ||   161
       Chain mail        |       |       |   348 |   371 |   320 |       |       |       |       ||  1039
       Plate armour      |       |       |       |       |    90 |   505 |   347 |   100 |       ||  1042
       Gold dragon scale |       |       |       |       |       |       |       |   381 |   276 ||   657
Dodge: Dodged            |    87 |   101 |   224 |   180 |   176 |   210 |   157 |   150 |    88 ||  1373
Block: Shield            |       |       |   215 |   500 |   640 |   810 |   257 |       |       ||  2422
       Reflection        |       |       |       |       |    38 |    80 |    57 |       |       ||   175
       Large shield      |       |       |       |       |       |       |   485 |   998 |   618 ||  2101

Table legend:
 A = Non-vault XP
 B = Vault XP
 C = Vault XP percentage of total XP
 D = Non-vault monster count
 E = Vault monster count
 F = Vault count percentage of total count
                 A         B        C        D         E       F
            +---------+---------+-------+---------+---------+-------
      Total |  564113 |  726041 |  56.3 |    1236 |     872 |  41.4
            +---------+---------+-------+---------+---------+-------
        D:1 |      47 |       2 |   4.1 |      27 |       1 |   3.6
        D:2 |      40 |      68 |  63.0 |      15 |      11 |  42.3
        D:3 |     246 |       2 |   0.8 |      29 |       1 |   3.3
        D:4 |     451 |       0 |   0.0 |      18 |       0 |   0.0
        D:5 |     568 |      41 |   6.7 |      18 |       1 |   5.3
        D:6 |     753 |     724 |  49.0 |      17 |       9 |  34.6
        D:7 |     657 |       0 |   0.0 |      13 |       0 |   0.0
        D:8 |     882 |     854 |  49.2 |      12 |      13 |  52.0
        D:9 |     458 |     960 |  67.7 |       4 |       2 |  33.3
       D:10 |    2933 |     653 |  18.2 |      23 |       3 |  11.5
       D:11 |    2096 |       0 |   0.0 |      14 |       0 |   0.0
       D:12 |    3891 |     193 |   4.7 |      26 |       4 |  13.3
       D:13 |    5447 |       0 |   0.0 |      26 |       0 |   0.0
       D:14 |    4188 |   13620 |  76.5 |      21 |      40 |  65.6
       D:15 |   12544 |    3582 |  22.2 |      39 |       3 |   7.1
     Lair:1 |    5194 |     743 |  12.5 |      25 |       4 |  13.8
     Lair:2 |    4725 |    1442 |  23.4 |      17 |       6 |  26.1
     Lair:3 |    1166 |       0 |   0.0 |       7 |       0 |   0.0
     Lair:4 |    6711 |    2537 |  27.4 |      28 |      11 |  28.2
     Lair:5 |    3946 |       0 |   0.0 |      16 |       0 |   0.0
     Lair:6 |    3860 |    4625 |  54.5 |      19 |      15 |  44.1
   Shoals:1 |    9787 |       0 |   0.0 |      24 |       0 |   0.0
   Shoals:2 |   11367 |    9095 |  44.4 |      25 |      12 |  32.4
   Shoals:3 |    8783 |       0 |   0.0 |      23 |       0 |   0.0
   Shoals:4 |   11687 |   11368 |  49.3 |      31 |      22 |  41.5
   Spider:1 |    6741 |    1992 |  22.8 |      22 |       2 |   8.3
   Spider:2 |    4761 |       0 |   0.0 |      15 |       0 |   0.0
   Spider:3 |    8320 |   12740 |  60.5 |      34 |      65 |  65.7
   Spider:4 |   20383 |   16603 |  44.9 |      63 |      36 |  36.4
      Orc:1 |     529 |       0 |   0.0 |      10 |       0 |   0.0
      Orc:2 |    7134 |    8129 |  53.3 |      28 |      24 |  46.2
      Elf:1 |   23549 |    8960 |  27.6 |      43 |      13 |  23.2
      Elf:2 |    9077 |    1826 |  16.7 |      19 |       2 |   9.5
      Elf:3 |   10072 |   69957 |  87.4 |      18 |      47 |  72.3
   Vaults:1 |    3428 |   31049 |  90.1 |       6 |      42 |  87.5
   Vaults:2 |   25890 |   22027 |  46.0 |      49 |      27 |  35.5
   Vaults:3 |    8611 |   23601 |  73.3 |      18 |      32 |  64.0
   Vaults:4 |   23027 |   36996 |  61.6 |      37 |      45 |  54.9
   Vaults:5 |   29022 |   58176 |  66.7 |      44 |      53 |  54.6
   Depths:1 |   32274 |    5239 |  14.0 |      65 |       6 |   8.5
   Depths:2 |   31099 |   24842 |  44.4 |      47 |      21 |  30.9
   Depths:3 |     593 |   89746 |  99.3 |       1 |     115 |  99.1
   Depths:4 |   19925 |   36133 |  64.5 |      39 |      40 |  50.6
   Depths:5 |   22442 |   24275 |  52.0 |      23 |      19 |  45.2
      Zot:1 |   46216 |    9445 |  17.0 |      36 |       8 |  18.2
      Zot:2 |   48949 |       0 |   0.0 |      35 |       0 |   0.0
      Zot:3 |   33806 |   30047 |  47.1 |      29 |      18 |  38.3
      Zot:4 |   11604 |       0 |   0.0 |       7 |       0 |   0.0
      Zot:5 |   34234 |  156741 |  82.1 |      31 |      52 |  62.7
    Abyss:2 |       0 |    3550 | 100.0 |       0 |       4 | 100.0
    Ossuary |       0 |     410 | 100.0 |       0 |      38 | 100.0
   Gauntlet |       0 |    3048 | 100.0 |       0 |       5 | 100.0
            +---------+---------+-------+---------+---------+-------
